 Dungeon Crawl Stone Soup version 0.28.0-1-gb440e238dd (console) character file.

Game seed: 5943652334250066232

2447 Cab the Cleaver (level 9, -2/63 HPs)
             Began as a Demonspawn Fighter on Feb 25, 2022.
             Was a Priest of Kikubaaqudgha.
             Succumbed to a hornet's poison
             ... on level 7 of the Dungeon.
             The game lasted 00:26:22 (7077 turns).

Cab the Cleaver (Demonspawn Fighter)                Turns: 7077, Time: 00:26:23

Health: -2/63      AC: 26    Str: 22 (23) XL:     9   Next: 25%
Magic:  12/12      EV:  6    Int: 11      God:    Kikubaaqudgha [***...]
Gold:   304        SH:  4    Dex: 10 (12) Spells: 12/12 levels left

rFire   . . .      SeeInvis .   a - +0 war axe
rCold   . . .      Faith    .   c - +0 buckler
rNeg    + . .      Spirit   .   d - +0 plate armour
rPois   .          Reflect  .   (no helmet)
rElec   .          Harm     .   l - +2 cloak of Zixagunu {rN+ Str+3}
rCorr   .          Rampage  .   (no gloves)
Will    .....                   k - +2 pair of boots
Stlth   ..........              (no amulet)
HPRegen 0.20/turn               (no ring)
MPRegen 0.26/turn               (no ring)

@: lethally poisoned (-2 -> -13), sanguine armoured, slowed, very slow
A: hooves 1, ignite blood 1, magic regeneration, sanguine armour 2
a: Renounce Religion, Receive Corpses


You were on level 7 of the Dungeon.
You worshipped Kikubaaqudgha.
Kikubaaqudgha was most pleased with you.
You visited 1 branch of the dungeon, and saw 8 of its levels.
You also visited: Ossuary.

You collected 304 gold pieces.

Inventory:

Hand Weapons
 a - a +0 war axe (weapon)
Armour
 c - a +0 buckler (worn)
 d - a +0 plate armour (worn)
 k - a +2 pair of boots (worn)
 l - the +2 cloak of Zixagunu (worn) {rN+ Str+3}
   (You found it on level 3 of the Dungeon)

   Str:       It affects your strength (+3).
   rN:        It protects you from negative energy.
Jewellery
 b - an amulet of magic regeneration
 g - a ring of ice
Wands
 h - a wand of polymorph (3)
 t - a wand of charming (8)
Scrolls
 e - a scroll of magic mapping {unknown}
 j - a scroll of holy word {unknown}
 n - a scroll of vulnerability
 o - a scroll of immolation
 r - 3 scrolls of identify {unknown}
 v - a scroll of teleportation {unknown}
Potions
 f - 2 potions of haste {unknown}
 m - a potion of cancellation {unknown}
 q - 2 potions of curing
 s - a potion of lignification {unknown}
 u - 2 potions of mutation {unknown}


   Skills:
 - Level 3.0 Fighting
 + Level 10.8 Axes
 + Level 3.4 Armour
 - Level 2.6 Shields
 - Level 2.0 Spellcasting
 + Level 2.5 Necromancy
 - Level 0.1 Evocations


You had 12 spell levels left.
You didn't know any spells.
Your spell library contained the following spells:

 Spells                   Type           Power      Damage    Failure   Level
 Animate Skeleton         Necr           12%        N/A       96%         1
 Apportation              Tloc           2%         N/A       100%        1
 Freeze                   Ice            4%         1d3       100%        1
 Summon Small Mammal      Summ           4%         N/A       100%        1
 Corpse Rot               Necr/Air       6%         N/A       100%        2
 Static Discharge         Conj/Air       1%         N/A       100%        2
 Frozen Ramparts          Ice            2%         1d2       100%        3
 Vampiric Draining        Necr           6%         2d6       100%        3
 Animate Dead             Necr           3%         N/A       100%        4
 Dispel Undead            Necr           6%         3d8       100%        4
 Hailstorm                Conj/Ice       1%         3d3       100%        4
 Sticky Flame             Conj/Fire      1%         2d3       100%        4
 Summon Lightning Spire   Summ/Air       1%         N/A       100%        4
 Agony                    Necr           6%         N/A       100%        5
 Borgnjor's Vile Clutch   Necr/Erth      1%         N/A       100%        5
 Excruciating Wounds      Necr           3%         N/A       100%        5
 Simulacrum               Ice/Necr       1%         N/A       100%        6
 Storm Form               Tmut/Air       0%         N/A       100%        7
 Maxwell's Capacitive Co  Air            0%         ∞         100%        8


Dungeon Overview and Level Annotations

Branches:
Dungeon (8/15)            Ossuary (visited)
 Temple: D:4-7         Lair: D:8-11

Altars:
Ashenzari
Kikubaaqudgha
Makhleb

Annotations:
D:5 Grinder


Innate Abilities, Weirdness & Mutations

You have large cloven feet.
Your demonic aura sometimes causes spilled blood to erupt in flames.
You regenerate magic rapidly.
When seriously injured, your blood forms thick armour. (AC +9)


Message History

You slash the hornet!
The hornet is moderately wounded.
You feel very sick. The hornet stings you!
You are more poisoned.
You feel as though you will be slow longer.
You block the hornet's attack.
You slash the hornet!
The hornet is heavily wounded.
You feel extremely sick. The hornet stings you.
You feel as though you will be slow longer.
The hornet stings you!
* * * LOW HITPOINT WARNING * * *
You feel as though you will be slow longer.
Press: ? - help, v - describe, . - travel
Here: a hornet (heavily wounded)
The floor.
Okay, then.
Unknown command.
Aiming: Paralyse
Press: ? - help, Shift-Dir - straight line, f - hornet
Aim: a hornet (heavily wounded, chance to affect: 39%)
The hornet resists with some effort.
The now-empty wand crumbles to dust.
* * * LOW HITPOINT WARNING * * *
You feel very sick.
The hornet stings you but does no damage.
You block the hornet's attack.
The hornet stings you but does no damage.
Okay, then.
Okay, then.
Unknown command.
Okay, then.
Unknown command.
Aiming: Charm
Press: ? - help, Shift-Dir - straight line, f/p - hornet
Aim: a hornet (heavily wounded, chance to affect: 39%)
The hornet is charmed.
You die...
Kikubaaqudgha rasps: "You have failed me!
Welcome... death!"

∙∙∙∙∙∙∙∙▒▒▒▒▒▒▒▒∙∙∙∙∙▒▒∙∙∙∙∙∙∙▒▒∙
▒∙∙∙∙∙∙∙▒ ▒∙∙∙∙∙∙∙∙∙∙∙▒∙▒∙▒∙∙∙∙
▒∙∙∙▒▒▒▒▒▒▒▒▒∙▒∙▒∙∙∙▒∙▒∙▒∙∙∙▒∙▒∙▒
▒∙∙∙∙∙ ∙∙∙∙∙∙∙▒∙▒∙▒∙∙∙∙∙∙∙∙∙∙∙▒
▒∙∙∙∙∙∙∙ ∙∙∙∙∙∙∙∙▒∙∙∙∙▒▒∙∙∙∙∙▒▒∙∙
▒∙∙∙∙∙∙∙ ∙∙∙∙∙∙∙▒∙▒∙∙∙∙∙∙∙∙∙∙∙∙∙∙
▒∙▒∙▒▒▒∙ ∙∙∙∙∙∙∙∙∙▒∙∙∙∙▒∙▒▒▒∙▒∙∙∙
▒∙▒∙▒ ∙∙▒∙▒∙∙∙∙▒∙∙∙∙∙∙∙∙∙∙∙∙∙∙
▒∙∙∙∙∙∙@∙∙∙∙∙▒▒∙∙∙∙∙▒▒∙∙
∙∙▒∙∙∙y▒∙▒∙▒∙∙∙∙∙∙∙∙∙∙∙▒
∙∙∙∙∙∙∙▒∙∙∙▒ ∙▒∙∙∙▒∙▒∙▒
∙∙∙∙∙∙∙▒∙▒▒▒ ▒∙▒∙▒▒▒▒∙ ∙▒▒▒▒▒▒▒∙▒
▒∙∙∙∙∙∙∙ ▒∙▒ ∙∙∙∙▒▒▒▒▒∙
▒∙▒▒▒▒▒▒▒▒∙∙∙∙∙∙∙
▒∙∙∙∙∙∙∙▒▒▒▒▒▒▒▒∙ ▒▒▒▒▒▒▒∙▒ ▒∙


You could see a friendly hornet (charmed).

Vanquished Creatures
  Eustachio (D:4)
  A water moccasin (D:8)
  2 orc warriors
  An ice beast (D:7)
  2 ogres
  A black bear (D:5)
  A sky beast (D:6)
  3 centaurs
  An elf zombie (Ossuary)
  4 bullfrogs
  A water moccasin zombie (D:5)
  2 centaur zombies
  A bullfrog skeleton (D:5)
  2 jellies (D:6)
  2 orc priests (D:5)
  Ijyb (D:4)
  6 hounds
  A human zombie (Ossuary)
  2 gnoll shamans (D:5)
  Natasha (twice) (D:2)
  An iguana (D:5)
  5 orc wizards
  4 hound zombies
  4 gnolls (D:4)
  2 howler monkey skeletons (D:5)
  4 adders
  A shadow imp (D:7)
  An ufetubus (D:5)
  2 adder zombies
  A dart slug (D:3)
  22 orcs
  4 endoplasms
  2 giant cockroaches (D:3)
  A gnoll zombie (Ossuary)
  3 goblins
  3 hobgoblins
  4 jackals (D:5)
  4 quokkas
  5 ball pythons
  2 bats
  2 hobgoblin zombies (Ossuary)
  6 kobolds
  2 kobold zombies (Ossuary)
  5 rats
  2 rat zombies (Ossuary)
129 creatures vanquished.

Notes
Turn   | Place    | Note
-------+----------+-------------------------------------------
     0 | D:1      | Cab the Demonspawn Fighter began the quest for the Orb.
     0 | D:1      | Reached XP level 1. HP: 18/18 MP: 1/1
    86 | D:1      | Found a faded altar of an unknown god.
    92 | D:1      | Prayed at the altar of an unknown god.
    92 | D:1      | Became a worshipper of Kikubaaqudgha
    92 | D:1      | Reached * piety under Kikubaaqudgha
    92 | D:1      | Received a gift from Kikubaaqudgha
   186 | D:1      | Reached skill level 2 in Axes
   669 | D:1      | Gained mutation: You regenerate magic rapidly. [demonic
                  | ancestry]
   669 | D:1      | Reached XP level 2. HP: 24/24 MP: 2/2
  1119 | D:2      | Noticed Natasha
  1125 | D:2      | Killed Natasha
  1126 | D:2      | Reached skill level 3 in Axes
  1126 | D:2      | Gained mutation: When seriously injured, your blood forms
                  | armour. (AC +9) [demonic ancestry]
  1126 | D:2      | Reached XP level 3. HP: 4/29 MP: 3/3
  1447 | D:2      | Reached skill level 1 in Necromancy
  1755 | D:2      | Noticed Natasha
  1756 | D:2      | Killed Natasha
  1757 | D:2      | Reached skill level 1 in Spellcasting
  1757 | D:2      | Gained mutation: Your demonic aura sometimes causes spilled
                  | blood to erupt in flames. [demonic ancestry]
  1757 | D:2      | Reached XP level 4. HP: 35/35 MP: 5/5
  2263 | D:3      | Found a broken altar of Ashenzari.
  2411 | D:3      | Reached ** piety under Kikubaaqudgha
  2494 | D:3      | Identified the +2 cloak of Zixagunu {rN+ Str+3}
  2522 | D:3      | Noticed a centaur
  2522 | D:3      | Noticed a bullfrog
  2529 | D:3      | Killed a bullfrog
  2530 | D:3      | Reached skill level 4 in Axes
  2530 | D:3      | Reached XP level 5. HP: 20/41 MP: 7/7
  2537 | D:3      | Killed a centaur
  2538 | D:3      | Gained mutation: When seriously injured, your blood forms
                  | thick armour. (AC +9) [demonic ancestry]
  2538 | D:3      | Reached XP level 6. HP: 17/47 MP: 7/9
  3116 | D:4      | Noticed Ijyb
  3118 | D:4      | Paralysed by Ijyb for 3 turns
  3127 | D:4      | Killed Ijyb
  3128 | D:4      | Reached skill level 5 in Axes
  3776 | D:4      | Noticed Eustachio
  3803 | D:4      | Killed Eustachio
  3804 | D:4      | Reached skill level 6 in Axes
  3804 | D:4      | Gained mutation: You have large cloven feet. [demonic
                  | ancestry]
  3804 | D:4      | Reached XP level 7. HP: 32/52 MP: 10/10
  4092 | D:5      | Entered Level 5 of the Dungeon
  4176 | D:5      | Reached skill level 7 in Axes
  4476 | D:5      | Reached *** piety under Kikubaaqudgha
  4476 | D:5      | Received a gift from Kikubaaqudgha
  4477 | D:5      | Reached skill level 8 in Axes
  4477 | D:5      | Reached XP level 8. HP: 31/58 MP: 11/11
  4963 | D:5      | Noticed Grinder
  4973 | D:5      | HP: 2/58 [spore (23)]
  4974 | D:5      | Reached skill level 9 in Axes
  5406 | D:6      | Found a burning altar of Makhleb.
  5504 | D:6      | You fall into a shaft and drop 2 floors!
  5534 | D:8      | Reached skill level 10 in Axes
  5545 | D:8      | Found a sand-covered staircase.
  5552 | Ossuary  | Entered an ossuary
  5914 | D:7      | Reached XP level 9. HP: 50/63 MP: 12/12
  7076 | D:7      | HP: 2/63 [poisoned by a hornet]
  7077 | D:7      | Succumbed to a hornet's poison

Illustrated notes

Levels and vault maps discovered:
D:1:      co_arrival_random_square_maze, layout_basic,
          dreamdust_ecumenical_altar_angels_and_demons, chequers_mini_garden
D:2:      layout_basic, chequers_arboretum, minmay_strange_pillars,
          grunt_decor_cap, uniq_natasha
D:3:      layout_basic, mainiacjoe_overflow_alcove_4, kennysheep_generic_room_8
D:4:      layout_basic, serial_glass, glass_columns_a, glass_columns_b,
          palyth_stone_intersect, uniq_ijyb, uniq_eustachio
D:5:      minmay_diamond_boxcup, layout_gridville,
          minmay_temple_entry_purple_smoke, st_stairs_13,
          minmay_increasing_density, uniq_grinder
D:6:      layout_loops_ring, kennysheep_mini
D:7:      nicolae_cairo_tiling_large_dashed, layout_basic, minmay_manual_mullet,
          uniq_joseph
D:8:      layout_rooms, fedhas_altar_fruit_tree, chequers_ossuary_entry_cave,
          grunt_ministairs_8

Skill      XL: |  1  2  3  4  5  6  7  8 |
---------------+-------------------------+-----
Axes           | 2 3 4 6 8 10 | 10.8
Necromancy     | 1 2 |  2.5
Spellcasting   | 1 2 |  2.0
Armour         | 3 |  3.4
Fighting       | |  3.0
Shields        | |  2.6
Evocations     | |  0.1

Action                   |  1- 3 |  4- 6 |  7- 9 || total
-------------------------+-------+-------+-------++-------
Melee: War axe           |    44 |   157 |   267 ||   468
Evoke: Wand              |     2 |     1 |     4 ||     7
  Use: Potion            |       |       |     3 ||     3
       Scroll            |       |       |     5 ||     5
Armor: Scale mail        |    20 |    87 |    16 ||   123
       Plate armour      |       |       |   245 ||   245
Dodge: Dodged            |    18 |    76 |    80 ||   174
Block: Buckler           |     4 |    47 |    76 ||   127
